 Dungeon Crawl Stone Soup version 0.23.2-40-g277498a001 (webtiles) character file.

Game seed: 985162226774980864

553 DildoBatman the Conjurer (level 7, -6/46 HPs)
             Began as a Demonspawn Wizard on Aug 16, 2019.
             Mangled by an ogre
             ... wielding a +0 giant club
              (28 damage)
             ... on level 5 of the Dungeon.
             The game lasted 00:14:41 (5356 turns).

DildoBatman the Conjurer (Demonspawn Wizard)        Turns: 5356, Time: 00:14:42

Health: -6/46      AC:  5    Str:  8    XL:     7   Next: 8%
Magic:  2/11       EV: 11    Int: 21    God:
Gold:   227        SH:  0    Dex: 11    Spells: 5/12 levels left

rFire    . . .     SeeInvis .   a - +1 short sword (venom)
rCold    . . .     Gourm    .   (no shield)
rNeg     + . .     Faith    +   p - +1 leather armour {rN+}
rPois    .         Spirit   .   b - +0 hat
rElec    .         Reflect  .   (no cloak)
rCorr    .         Harm     .   t - +0 pair of gloves
MR       .....                  (boots unavailable)
Stlth    +.........             w - amulet of faith
HPRegen  0.15/turn              (no ring)
MPRegen  0.12/turn              (no ring)

@: very slightly contaminated
A: hooves 3, powered by death 1
a: no special abilities


You were on level 5 of the Dungeon.
You were hungry.

You visited 1 branch of the dungeon, and saw 5 of its levels.

You collected 227 gold pieces.

Inventory:

Hand Weapons
 a - a +1 short sword of venom (weapon)
Missiles
 g - 87 arrows
 j - 21 poisoned needles
 k - 18 sling bullets
 m - 3 curare-tipped needles
 n - 14 bolts
 o - 84 stones (quivered)
Armour
 b - a +0 hat (worn)
 p - a +1 leather armour of positive energy (worn)
 t - a +0 pair of gloves (worn)
Jewellery
 w - an amulet of faith (around neck)
Scrolls
 c - 2 scrolls of noise {unknown}
 i - a scroll of teleportation
 r - a scroll of blinking {unknown}
 s - a scroll of amnesia {unknown}
 u - a scroll of magic mapping {unknown}
 x - 3 scrolls of remove curse
 z - a scroll of identify
Potions
 d - a potion of lignification {unknown}
 e - 2 potions of berserk rage
 f - a potion of might {unknown}
 h - a potion of heal wounds {unknown}
 l - 2 potions of curing
 q - a potion of magic {unknown}
 A - a potion of brilliance {unknown}
Comestibles
 v - 7 rations


   Skills:
 - Level 1.7 Dodging
 - Level 1.7 Stealth
 - Level 3.0 Spellcasting
 - Level 6.0 Conjurations
   Level 1.0 Summonings
   Level 0.8 Translocations
 * Level 2.1 Fire Magic
 * Level 2.1 Air Magic
 * Level 2.2 Poison Magic


You had 5 spell levels left.
You knew the following spells:

 Your Spells              Type           Power        Failure   Level  Hunger
a - Conjure Flame         Conj/Fire      ###.....     11%         3    ###....
c - Magic Dart            Conj           ####         1%          1    None
e - Mephitic Cloud        Conj/Pois/Air  ###.....     14%         3    ###....

Your spell library contained the following spells:

 Spells                   Type           Power        Failure   Level  Hunger
 Call Imp                 Summ           #.......     19%         2    ##.....
 Blink                    Tloc           N/A          21%         2    ##.....
 Slow                     Hex            #.......     28%         2    ##.....


Dungeon Overview and Level Annotations

Branches:
Dungeon (5/15)
 Temple: D:4-7

Altars:
Okawaru
Yredelemnul

Annotations:
D:1 exclusion: felid
D:2 1 runed translucent door, Crazy Yiuf
D:3 1 exclusion


Innate Abilities, Weirdness & Mutations

You have hooves in place of feet.
You regenerate a little health from kills.


Message History

Casting: Conjure Flame (safe; 11% risk of failure)
Confirm with . or Enter, or press ? or * to list all spells.
Aiming: Mephitic Cloud (safe; 14% risk of failure)
Press: ? - help, Shift-Dir - straight line The ball explodes into a vile cloud!
The stinking cloud engulfs the ogre but does no damage.
The ogre is engulfed in noxious fumes.
The ogre appears confused.
The ogre laughs at nothing.
The ogre is engulfed in noxious fumes.
The ogre appears confused.
The ogre is engulfed in noxious fumes.
The ogre appears confused.
You hit the ogre but do no damage.
The ogre is poisoned.
You kick the ogre!
The ogre is heavily wounded.
The ogre hits you with a +0 giant club!!
Ouch! That really hurt!
You die...

### ..# #.#
... #°# #.#
#O# ##@##
#..$##
#.###.## #.#
##.# #. #.#
.###.# ##<#
......###.##
#...†#
#.##.#


You could see an ogre (confused).

Vanquished Creatures
  A sky beast (D:5)
  An ogre (D:4)
  An orc priest (D:4)
  3 orc wizards
  2 worker ants
  8 adders
  2 oozes
  An adder skeleton (D:4)
  5 worms
  A dart slug (D:1)
  3 leopard geckos
  9 orcs
  16 bats
  7 giant cockroaches
  10 goblins
  16 hobgoblins
  4 jackals
  3 quokkas
  A ball python (D:3)
  5 frilled lizards
  4 kobolds
  A leopard gecko skeleton (D:4)
  4 rats
  A plant (D:2)
109 creatures vanquished.

Notes
Turn   | Place    | Note
-------+----------+-------------------------------------------
     0 | D:1      | DildoBatman the Demonspawn Wizard began the quest for the
                  | Orb.
     0 | D:1      | Reached XP level 1. HP: 13/13 MP: 4/4
     2 | D:1      | Noticed a tengu
     4 | D:1      | Noticed a human
     4 | D:1      | Noticed a troll
     6 | D:1      | Noticed an octopode
     8 | D:1      | Noticed an elf
    10 | D:1      | Noticed a minotaur
    10 | D:1      | Noticed a draconian
    12 | D:1      | Noticed a gargoyle
    12 | D:1      | Noticed a ghoul
    14 | D:1      | Noticed a centaur
    14 | D:1      | Noticed a vine stalker
    16 | D:1      | Noticed a formicid
    16 | D:1      | Noticed a merfolk
    18 | D:1      | Noticed a dwarf
    18 | D:1      | Noticed a halfling
    20 | D:1      | Noticed a spriggan
    22 | D:1      | Noticed a demonspawn
    22 | D:1      | Noticed a naga
    24 | D:1      | Noticed a vampire
    24 | D:1      | Noticed a demigod
    26 | D:1      | Noticed an ogre
    26 | D:1      | Noticed a felid
   248 | D:1      | Reached skill level 2 in Conjurations
   268 | D:1      | Gained mutation: You regenerate a little health from kills.
                  | [demonic ancestry]
   268 | D:1      | Reached XP level 2. HP: 19/19 MP: 3/6
   975 | D:1      | Reached skill level 3 in Conjurations
   979 | D:1      | Gained mutation: You have large cloven feet. [demonic
                  | ancestry]
   979 | D:1      | Reached XP level 3. HP: 24/24 MP: 0/7
   984 | D:1      | Learned a level 3 spell: Conjure Flame
   988 | D:1      | Learned a level 3 spell: Mephitic Cloud
  1240 | D:2      | Found a basalt altar of Yredelemnul.
  1241 | D:2      | Found an iron altar of Okawaru.
  1960 | D:2      | Reached XP level 4. HP: 21/30 MP: 6/8
  2003 | D:2      | Reached skill level 4 in Conjurations
  2850 | D:2      | Found a runed translucent door.
  2851 | D:2      | Noticed Crazy Yiuf
  3292 | D:3      | Gained mutation: You have hoof-like feet. [demonic
                  | ancestry]
  3292 | D:3      | Reached XP level 5. HP: 34/35 MP: 4/9
  3509 | D:3      | Reached skill level 5 in Conjurations
  4544 | D:4      | Reached skill level 6 in Conjurations
  4620 | D:4      | Reached XP level 6. HP: 33/41 MP: 3/10
  4932 | D:4      | Reached skill level 1 in Fire Magic
  4932 | D:4      | Reached skill level 1 in Air Magic
  4932 | D:4      | Reached skill level 1 in Poison Magic
  5254 | D:5      | Entered Level 5 of the Dungeon
  5270 | D:5      | Noticed a sky beast
  5315 | D:5      | Killed a sky beast
  5315 | D:5      | Gained mutation: You have hooves in place of feet. [demonic
                  | ancestry]
  5315 | D:5      | Reached XP level 7. HP: 16/46 MP: 0/11
  5356 | D:5      | Mangled by an ogre

Skill      XL: |  1  2  3  4  5  6 |
---------------+-------------------+-----
Conjurations   | 2 3 4 6 |  6.0
Fire Magic     | 2 |  2.1
Air Magic      | 2 |  2.1
Poison Magic   | 2 |  2.2
Dodging        | |  1.7
Stealth        | |  1.7
Spellcasting   | |  3.0
Summonings     | |  1.0
Translocations | |  0.8

Action                   |  1- 3 |  4- 6 |  7- 9 || total
-------------------------+-------+-------+-------++-------
Melee: Unarmed           |     9 |       |       ||     9
       Club              |     9 |       |       ||     9
       Short sword       |     6 |    70 |     1 ||    77
       Kick              |     1 |    18 |     1 ||    20
Throw: Stone             |       |     9 |       ||     9
 Cast: Magic Dart        |    96 |   181 |     1 ||   278
       Mephitic Cloud    |       |     6 |     1 ||     7
       Conjure Flame     |       |     3 |       ||     3
  Use: Scroll            |     2 |     3 |       ||     5
       Potion            |       |     1 |       ||     1
 Stab: Confused          |       |     3 |       ||     3
       Sleeping          |       |     1 |       ||     1
  Eat: Chunk             |     2 |    12 |       ||    14
Armor: Robe              |     8 |    17 |       ||    25
       Leather armour    |       |     2 |       ||     2
Dodge: Dodged            |    37 |    57 |       ||    94
